 Dungeon Crawl Stone Soup version 0.29-a0-322-g68df515428 (webtiles) character file.

Game seed: 12095461061079844420

6955 sokol815 the Cruncher (level 11, -1/57 HPs)
             Began as a Gargoyle Gladiator on Apr 7, 2022.
             Was an Elder of Kikubaaqudgha.
             Slain by a three-headed hydra (6 damage)
             ... on level 9 of the Dungeon.
             The game lasted 00:29:27 (8854 turns).

sokol815 the Cruncher (Gargoyle Gladiator)          Turns: 8854, Time: 00:29:27

Health: -1/57      AC: 20    Str: 19    XL:     11   Next: 7%
Magic:  19/20      EV: 11    Int: 19    God:    Kikubaaqudgha [****..]
Gold:   1195       SH:  0    Dex:  7    Spells: 3/10 levels left

rFire   . . .      SeeInvis .   F - +0 hand axe (flame)
rCold   . . .      Faith    .   (no shield)
rNeg    + . .      Spirit   .   h - +1 ring mail "Jabij" {Regen+ Int+3 Dex-4}
rPois   ∞          Reflect  .   c - +1 helmet
rElec   +          Harm     .   (no cloak)
rCorr   .          Rampage  .   (no gloves)
Will    .....                   (no boots)
Stlth   ..........              v - amulet of regeneration
HPRegen 1.79/turn               A - +4 ring of protection
MPRegen 0.17/turn               r - ring of Kud Cas {MP+9 Int+4}

@: no status effects
A: sickness immunity, AC +8, negative energy resistance 1, electricity
resistance, torment resistance 1, petrification resistance
a: Renounce Religion, Receive Corpses


You were on level 9 of the Dungeon.
You worshipped Kikubaaqudgha.
Kikubaaqudgha was greatly pleased with you.
You visited 1 branch of the dungeon, and saw 9 of its levels.
You also visited: Ossuary and Bailey.

You collected 1195 gold pieces.

Inventory:

Hand Weapons
 a - a +4 quarterstaff
 b - a +2 dagger of flaming
   (You took it off an orc on level 8 of the Dungeon)
 g - a +1 dagger of holy wrath
   (You took it off an orc wizard on level 3 of the Dungeon)
 j - a +0 morningstar
   (You took it off an orc on level 3 of the Dungeon)
 m - a +1 dagger of freezing
   (You took it off a goblin on level 1 of the Dungeon)
 t - a +5 whip
   (You took it off a gnoll on level 5 of the Dungeon)
 F - a +0 hand axe of flaming (weapon)
   (You found it in a bailey)
 K - a +5 falchion of freezing
   (You took it off a wight on level 9 of the Dungeon)
Missiles
 d - 3 throwing nets {!d}
 f - 26 boomerangs
 k - 9 poisoned darts
 s - 145 stones
 L - 6 javelins
Armour
 c - a +1 helmet (worn)
 h - the +1 ring mail "Jabij" (worn) {Regen+ Int+3 Dex-4}
   (You found it on level 2 of the Dungeon)

   Int:       It affects your intelligence (+3).
   Dex:       It affects your dexterity (-4).
   Regen:     It increases your rate of health regeneration.
 p - a +0 scale mail
   (You found it on level 1 of the Dungeon)
Magical Staves
 O - a staff of earth
   (You found it on level 9 of the Dungeon)
Jewellery
 r - the ring of Kud Cas (right hand) {MP+9 Int+4}
   (You found it on level 8 of the Dungeon)

   [ring of magical power]

   Int:       It affects your intelligence (+4).
   MP:        It affects your magic capacity (+9).
 u - a +6 ring of strength
   (You found it on level 6 of the Dungeon)
 v - an amulet of regeneration (around neck)
   (You found it on level 7 of the Dungeon)
 x - an amulet of guardian spirit
   (You found it in a bailey)
 A - a +4 ring of protection (left hand)
   (You found it on level 2 of the Dungeon)
 C - a ring of flight {+Fly, !d}
   (You found it in an ossuary)
Wands
 e - a wand of charming (4)
   (You found it on level 9 of the Dungeon)
 i - a wand of iceblast (1)
   (You found it on level 9 of the Dungeon)
 q - a wand of flame (15)
   (You took it off Dowan on level 4 of the Dungeon)
 y - a wand of mindburst (24)
   (You found it on level 7 of the Dungeon)
Scrolls
 l - a scroll of enchant armour
 z - a scroll of fog
 D - 6 scrolls of blinking {!r}
 Y - 6 scrolls of teleportation {@r3}
Potions
 n - 3 potions of attraction {!q}
 o - a potion of experience {unknown}
 w - a potion of magic
 B - 2 potions of brilliance
 E - 2 potions of mutation {unknown}
 G - a potion of ambrosia {!q}
 H - 2 potions of haste
 I - a potion of invisibility
 J - 8 potions of curing {@q1}
 M - 4 potions of might
 N - 4 potions of heal wounds {@q2}
 P - a potion of lignification {!q}
 R - 2 potions of resistance


   Skills:
 - Level 2.1 Fighting
 + Level 12.1 Staves
 - Level 1.7 Throwing
 - Level 2.4 Dodging
 * Level 8.2 Necromancy
 * Level 7.9 Earth Magic


You had 3 spell levels left.
You knew the following spells:

 Your Spells              Type           Power      Damage    Failure   Level
a - Pain                  Necr           100%       1d9       1%          1
b - Borgnjor's Vile Clut  Necr/Erth      15%        N/A       34%         5
A - Animate Skeleton      Necr           62%        N/A       1%          1

Your spell library contained the following spells:

 Spells                   Type           Power      Damage    Failure   Level
 Corpse Rot               Necr/Air       30%        N/A       10%         2
 Animate Dead             Necr           15%        N/A       12%         4
 Agony                    Necr           31%        N/A       34%         5
 Excruciating Wounds      Necr           15%        N/A       34%         5
 Anguish                  Hex/Necr       7%         N/A       54%         4
 Death Channel            Necr           15%        N/A       88%         6
 Chain Lightning          Conj/Air       0%         N/A       100%        9
 Fire Storm               Conj/Fire      0%         5d1       100%        9
 Shatter                  Erth           15%        3d15*     100%        9


Dungeon Overview and Level Annotations

Branches:
Dungeon (9/15)             Temple (0/1) D:6         Ossuary (visited)
 Bailey (visited)
   Lair: D:8-11         Orc: D:9-12

Altars:
Gozag
Kikubaaqudgha
Ru
Sif Muna
Vehumet
Yredelemnul
Zin

Shops:
D:3 (

Annotations:
D:2 1 runed translucent door, Crazy Yiuf
D:4 4 transporters, Sigmund; sammy202020's ghost, amateur DsBe


Innate Abilities, Weirdness & Mutations

You are immune to sickness and miasma.
Your stone body is resilient. (AC +8)
You are immune to poison.
You resist negative energy. (rN+)
You are resistant to electric shocks. (rElec)
You are resistant to unholy torment.
You are immune to petrification.


Message History

You regained 2 hp, and now have 25/53 hp.
You regained 2 hp, and now have 28/53 hp.
You regained 2 hp, and now have 30/53 hp.
You regained 2 hp, and now have 32/53 hp.
You regained 2 hp, and now have 35/53 hp.
You regained 2 hp, and now have 37/53 hp.
Aim: a two-headed ogre, wielding a +0 giant spiked club and a +0 giant club (heavily wounded)
The mass of ice explodes!
The iceblast engulfs the two-headed ogre!
The iceblast engulfs something!
Kikubaaqudgha accepts your kill.
Reactivating autopickup.
You feel a bit more experienced.
You regained 2 hp, and now have 39/53 hp.
You sock the two-headed ogre!
You kill the two-headed ogre!
Kikubaaqudgha accepts your kill.
Your Staves skill increases to level 12!
Your Necromancy skill increases to level 8!
You have reached level 11!
You regained 4 hp, and now have 43/57 hp.
MP restored: 20 The orc warrior writhes in agony.
You now have 19/20 mp.
The orc warrior writhes in agony.
You now have 18/20 mp.
You barely miss the orc warrior. The orc warrior completely misses you.
You hit the orc warrior but do no damage.
The orc warrior misses you.
You hit the orc warrior but do no damage.
You hit the orc warrior but do no damage.
The orc warrior hits you but does no damage.
You regained 2 hp, and now have 50/57 hp.
You barely miss the orc warrior. The orc warrior misses you.
You hit the orc warrior.
The orc warrior hits you with a +0 flail.
You hit the orc warrior but do no damage.
You hit the orc warrior. The orc warrior closely misses you.
You regained 2 hp, and now have 54/57 hp.
You hit the orc warrior. The orc warrior barely misses you.
You thump the orc warrior! You hit the orc warrior.
The orc warrior hits you but does no damage.
Health restored: 57 You hit the orc warrior but do no damage.
The orc warrior hits you with a +0 flail.
You take 6 damage, and have 51/57 hp.
You thump the orc warrior!
You kill the orc warrior!
Kikubaaqudgha accepts your kill.
The orc writhes in agony.
You hit the orc.
You kill the orc!
Kikubaaqudgha accepts your kill.
No target in view!
No target in view!
Items here: )))) [ †.
You regained 2 hp, and now have 56/57 hp.
Things that are here:
a +0 dagger; a +0 robe; an orc corpse; Health restored: 57; MP restored: 20
e - a wand of charming (4);
L - 6 javelins
s - 145 stones (gained 29)
Found a shiny ring mail.
O - a staff of earth The four-headed hydra roars!
The four-headed hydra resists with significant effort.
You now have 19/20 mp.
The four-headed hydra writhes in agony!
You now have 18/20 mp.
Your +0 hand axe of flaming bursts into flame!
F - a +0 hand axe of flaming (weapon)
You lop one of the four-headed hydra's heads off!
The flame cauterises the wound!
You hit the three-headed hydra. You burn the three-headed hydra.
The three-headed hydra bites you!
The three-headed hydra bites you but does no damage. x2
The three-headed hydra bites you.
The three-headed hydra bites you but does no damage.
The three-headed hydra bites you!
You take 22 damage, and have 35/57 hp.
MASSIVE DAMAGE!!
You barely miss the three-headed hydra.
The three-headed hydra bites you but does no damage.
The three-headed hydra barely misses you.
The three-headed hydra bites you!
You take 10 damage, and have 25/57 hp.
You hit the three-headed hydra but do no damage.
The three-headed hydra bites you but does no damage.
The three-headed hydra bites you!
The three-headed hydra bites you but does no damage.
You take 5 damage, and have 20/57 hp.
You barely miss the three-headed hydra. The three-headed hydra bites you.
The three-headed hydra barely misses you.
The three-headed hydra bites you!
* * * LOW HITPOINT WARNING * * *
The three-headed hydra bites you.
* * * LOW HITPOINT WARNING * * *
The three-headed hydra bites you but does no damage.
The three-headed hydra bites you.
You die...
Kikubaaqudgha rasps: "You have failed me!
Welcome... oblivion!"

#..#.###.# ##.#.##
##.......# #.##.....#
#.### ##.....##
#.######## ###.###
##...## #.# #.....##
*#'## #.# *###.###..###
#.# ** #.#
*,.....##...# #.# *,
#.# #..#....#...##
##.##*, #.#
#..#..D.#....####...##,
#.#
#.,*#[@.####.........#,
#.#
#,,,####...##...#...#*,
###.#
*,,,,,,#....#.#.##.###.
....#
**,,,,,#....#........§.
#####
*,,,,,##.....#.##.####
*****,,###.###.##D#
**,,...#*#.##E#
**##...,..*#E#
#######*#§#


You could see a three-headed hydra.

Vanquished Creatures
  An orc warlord (Bailey)
  2 two-headed ogres (D:9)
  3 kobold demonologists (D:5)
  2 vampires (D:9)
  3 steam dragons
  3 water moccasins
  Duvessa (D:4)
  2 sky beasts
  3 orc warriors
  A black bear (D:5)
  A centaur (D:8)
  3 ogres
  A phantom (D:5)
  A kobold brigand (D:5)
  3 gnoll sergeants
  A necrophage (D:7)
  8 scorpions
  5 wights (D:9)
  Dowan (D:4)
  3 orc priests
  3 jellies
  2 human zombies (Ossuary)
  3 hounds (D:7)
  3 iguanas
  8 orc wizards
  3 scorpion zombies (Ossuary)
  3 mummies (Ossuary)
  4 adders
  15 gnolls
  A shadow imp (D:6)
  4 white imps
  A worm (D:3)
  3 dart slugs
  28 orcs
  3 endoplasms (D:1)
  5 giant cockroaches
  3 gnoll zombies (Ossuary)
  12 goblins
  5 hobgoblins
  3 jackals (D:2)
  18 kobolds
  A quokka (D:4)
  3 ball pythons
  5 bats
  3 frilled lizards
  3 hobgoblin zombies (Ossuary)
  3 kobold zombies (Ossuary)
  3 orc zombies (Ossuary)
  7 rats
206 creatures vanquished.

Vanquished Creatures (others)
  A fungus (D:2)
  3 plants (D:5)
4 creatures vanquished.

Grand Total: 210 creatures vanquished

Notes
Turn   | Place    | Note
-------+----------+-------------------------------------------
     0 | D:1      | sokol815 the Gargoyle Gladiator began the quest for the
                  | Orb.
     0 | D:1      | Reached XP level 1. HP: 12/12 MP: 1/1
    75 | D:1      | Reached XP level 2. HP: 17/17 MP: 2/2
   812 | D:1      | Reached skill level 4 in Staves
   901 | D:1      | Reached XP level 3. HP: 21/21 MP: 3/3
  1146 | D:1      | Found a faded altar of an unknown god.
  1151 | D:1      | Prayed at the altar of an unknown god.
  1151 | D:1      | Became a worshipper of Kikubaaqudgha
  1151 | D:1      | Reached * piety under Kikubaaqudgha
  1151 | D:1      | Received a gift from Kikubaaqudgha
  1305 | D:2      | Identified the +1 ring mail "Jabij" {Regen+ Int+3 Dex-4}
  1794 | D:2      | Found a runed translucent door.
  1795 | D:2      | Noticed Crazy Yiuf
  1958 | D:3      | Found Loafan's Weapon Boutique.
  1974 | D:3      | Noticed a water moccasin
  1987 | D:3      | Killed a water moccasin
  1988 | D:3      | Reached skill level 5 in Staves
  1988 | D:3      | Reached XP level 4. HP: 26/26 MP: 4/4
  1988 | D:3      | Reached XP level 5. HP: 30/30 MP: 5/5
  2055 | D:3      | Reached skill level 6 in Staves
  2328 | D:3      | Reached XP level 6. HP: 33/35 MP: 6/6
  2762 | D:3      | Reached ** piety under Kikubaaqudgha
  3164 | D:4      | Found a transporter.
  3174 | D:4      | Found a sacrificial altar of Ru.
  3254 | D:4      | Found a transporter.
  3263 | D:4      | Noticed sammy202020's ghost (amateur DsBe)
  3267 | D:4      | Found a transporter.
  3302 | D:4      | Reached skill level 7 in Staves
  3368 | D:4      | Found a transporter.
  3370 | D:4      | Noticed Dowan
  3374 | D:4      | Noticed Duvessa
  3415 | D:4      | Killed Duvessa
  3416 | D:4      | Reached XP level 7. HP: 16/40 MP: 7/7
  3420 | D:4      | HP: 3/40 [Dowan/stone arrow (16)]
  3431 | D:4      | HP: 2/40 [Dowan/shard of ice (12)]
  3432 | D:4      | Killed Dowan
  3630 | D:4      | Noticed Sigmund
  3654 | D:5      | Entered Level 5 of the Dungeon
  3711 | D:5      | Reached skill level 8 in Staves
  3832 | D:5      | Reached skill level 9 in Staves
  3881 | D:5      | Reached XP level 8. HP: 40/44 MP: 8/8
  3999 | D:5      | Reached skill level 10 in Staves
  4001 | D:5      | Learned a level 1 spell: Pain
  4003 | D:5      | Learned a level 1 spell: Animate Skeleton
  4031 | D:5      | Found a glowing silver altar of Zin.
  4366 | D:5      | Noticed a kobold demonologist
  4372 | D:5      | Noticed a red devil
  4387 | D:5      | Killed a kobold demonologist
  4388 | D:5      | Reached skill level 2 in Necromancy
  4438 | D:5      | Noticed a kobold demonologist
  4463 | D:5      | Killed a kobold demonologist
  4464 | D:5      | Reached skill level 3 in Necromancy
  4509 | D:5      | Noticed a kobold demonologist
  4519 | D:5      | Killed a kobold demonologist
  4520 | D:5      | Reached skill level 4 in Necromancy
  4520 | D:5      | Reached XP level 9. HP: 48/48 MP: 6/9
  5053 | D:5      | Reached skill level 5 in Necromancy
  5077 | D:6      | Reached *** piety under Kikubaaqudgha
  5077 | D:6      | Received a gift from Kikubaaqudgha
  5133 | D:6      | Found a shimmering blue altar of Sif Muna.
  5319 | D:6      | Reached skill level 11 in Staves
  5508 | D:6      | Found a staircase to the Ecumenical Temple.
  5537 | D:6      | Found an opulent altar of Gozag.
  5537 | D:6      | Found a radiant altar of Vehumet.
  5890 | D:7      | Learned a level 5 spell: Borgnjor's Vile Clutch
  6030 | D:7      | Reached skill level 6 in Necromancy
  6030 | D:7      | Reached skill level 1 in Earth Magic
  6360 | D:8      | Found a sand-covered staircase.
  6366 | D:8      | Reached skill level 2 in Earth Magic
  6375 | Ossuary  | Entered an ossuary
  6504 | Ossuary  | Reached skill level 3 in Earth Magic
  6568 | Ossuary  | Reached XP level 10. HP: 52/53 MP: 10/10
  6576 | Ossuary  | Reached **** piety under Kikubaaqudgha
  6657 | Ossuary  | Reached skill level 4 in Earth Magic
  6951 | D:8      | Found a basalt altar of Yredelemnul.
  7341 | D:8      | Identified the ring of Kud Cas {MP+9 Int+4}
  7589 | D:9      | Found a flagged portal.
  7629 | Bailey   | Entered a bailey
  7665 | Bailey   | Noticed an orc warlord
  7804 | Bailey   | Reached skill level 5 in Earth Magic
  7822 | Bailey   | Found a runed translucent gate.
  7822 | Bailey   | Found a runed translucent gate.
  7844 | Bailey   | Found a runed translucent gate.
  7891 | Bailey   | Reached skill level 7 in Necromancy
  7960 | Bailey   | HP: 11/53 [orc warlord/+0 war axe (25)]
  8081 | Bailey   | Killed an orc warlord
  8082 | Bailey   | Reached skill level 6 in Earth Magic
  8277 | D:9      | Acquired 725 gold pieces
  8425 | D:9      | Noticed a deep elf pyromancer
  8427 | D:9      | Noticed a deep elf pyromancer
  8444 | D:9      | Noticed a four-headed hydra
  8446 | D:9      | Noticed a two-headed ogre
  8720 | D:9      | Noticed a two-headed ogre
  8726 | D:9      | HP: 6/53 [two-headed ogre/+0 giant club (21)]
  8761 | D:9      | Killed a two-headed ogre
  8762 | D:9      | Reached skill level 7 in Earth Magic
  8764 | D:9      | HP: 5/53 [two-headed ogre/+0 giant spiked club (16)]
  8783 | D:9      | Killed a two-headed ogre
  8784 | D:9      | Reached skill level 12 in Staves
  8784 | D:9      | Reached skill level 8 in Necromancy
  8784 | D:9      | Reached XP level 11. HP: 43/57 MP: 11/11
  8854 | D:9      | HP: 10/57 [three-headed hydra (8)]
  8854 | D:9      | Slain by a three-headed hydra

Illustrated notes

Levels and vault maps discovered:
D:1:      tarquinn_simple_flora_water_e, layout_loops_corners,
          shapermc_ecumenical_altar_petra
D:2:      layout_basic, uniq_crazy_yiuf_cottage
D:3:      layout_basic, serial_shops, nicolae_shop_waterfront,
          chequers_serial_rivers_micro_b
D:4:      gammafunk_cloud_chamber, layout_gridville, mainiacjoe_overflow_paths,
          gammafunk_ghost_arena, uniq_duvessa, uniq_sigmund, uniq_blork_the_orc
D:5:      wad_lake_hut, layout_basic, overflow_temple_1_default,
          roderic_lattice_a
D:6:      cheibrodos_helix_gallery, layout_rooms, lemuel_doored_altar,
          gammafunk_temple_overflow_elements, minmay_temple_entry_trees
D:7:      layout_loops_ring
D:8:      layout_gridville, mainiacjoe_overflow_alcove_2,
          chequers_ossuary_entry_cave
D:9:      layout_loops_corners, enter_bailey_5, minmay_bent

Skill      XL: |  1  2  3  4  5  6  7  8  9 10 |
---------------+-------------------------------+-----
Staves         | 4 5 6 7 9 10 11 12 | 12.1
Necromancy     | 4 6 8 |  8.2
Earth Magic    | 3 7 |  7.9
Fighting       | |  2.1
Throwing       | |  1.7
Dodging        | |  2.4

Action                   |  1- 3 |  4- 6 |  7- 9 | 10-12 || total
-------------------------+-------+-------+-------+-------++-------
Melee: Quarterstaff      |    96 |   131 |   323 |   209 ||   759
       Hand axe          |       |       |       |     4 ||     4
Throw: Stone             |    78 |    69 |    42 |       ||   189
 Cast: Pain              |       |       |    48 |    88 ||   136
       Animate Skeleton  |       |       |       |     8 ||     8
Evoke: Wand              |       |       |       |    18 ||    18
  Use: Scroll            |     8 |     5 |     7 |    10 ||    30
       Potion            |     1 |       |     2 |     2 ||     5
Armor: Leather armour    |     4 |       |       |       ||     4
       Ring mail         |    24 |    96 |   223 |   105 ||   448
       Scale mail        |     3 |       |       |       ||     3
Dodge: Dodged            |    41 |    27 |   202 |    72 ||   342

Table legend: (Time is in decaauts)
 A = Elapsed time spent in this place.
 B = Non-inter-level travel time spent in this place.
 C = Inter-level travel time spent in this place.
 D = Time resting spent in this place.
 E = Time spent auto-exploring this place.
 F = Levels seen in this place.
 G = Mean time per level.
                   A        B        C        D        E       F      G
               +--------+--------+--------+--------+--------+-----+--------+
         Total |   8775 |   8416 |    359 |    258 |   6039 |  11 |  797.7 |
       Dungeon |   7817 |   7458 |    359 |    258 |   5564 |   9 |  868.6 |
       Ossuary |    334 |    334 |      0 |      0 |    144 |   1 |  334.0 |
        Bailey |    623 |    623 |      0 |      0 |    331 |   1 |  623.0 |
               +--------+--------+--------+--------+--------+-----+--------+

Top non-repeatable levels by time:
     D:5: 1297 daAuts
     D:3: 1232 daAuts
     D:1: 1214 daAuts
     D:7: 773 daAuts
     D:8: 736 daAuts
     D:9: 692 daAuts
     D:6: 652 daAuts
     D:2: 644 daAuts
  Bailey: 623 daAuts
     D:4: 572 daAuts
 Ossuary: 334 daAuts

Table legend:
 A = Kills in this place as a percentage of kills in entire the game.
 B = Kills by you in this place as a percentage of kills by you in the entire game.
 C = Kills by friends in this place as a percentage of kills by friends in the entire game.
 D = Other kills in this place as a percentage of other kills in the entire game.
 E = Experience gained in this place as a percentage of experience gained in the entire game.
 F = Experience gained in this place divided by the number of levels of this place that you have seen.
                   A       B       C       D       E      F
               +-------+-------+-------+-------+-------+----------------------
         Total | 100.0 | 100.0 |   N/A |   N/A | 100.0 | 903.3
       Dungeon |  76.2 |  76.2 |   N/A |   N/A |  77.3 | 853.6
       Ossuary |  12.6 |  12.6 |   N/A |   N/A |   7.5 | 748.0
        Bailey |  11.2 |  11.2 |   N/A |   N/A |  15.2 | 1506.0
               +-------+-------+-------+-------+-------+----------------------
